 Dungeon Crawl Stone Soup version 0.29-a0-270-g1586fc07ea (webtiles) character file.

Game seed: 13501587795939532033

21 siradein the Grave Robber (level 2, 0/23 HPs)
             Began as a Ghoul Necromancer on Mar 8, 2022.
             Slain by a gnoll
             ... wielding a +0 club
              (5 damage)
             ... on level 1 of the Dungeon.
             The game lasted 00:02:27 (894 turns).

siradein the Grave Robber (Ghoul Necromancer)        Turns: 894, Time: 00:02:28

Health: 0/23       AC:  2    Str: 11    XL:     2   Next: 83%
Magic:  0/4        EV: 12    Int: 10    God:
Gold:   0          SH:  0    Dex:  9    Spells: 4/5 levels left

rFire   . . .      SeeInvis .   g - +0 whip
rCold   + . .      Faith    .   (no shield)
rNeg    + + +      Spirit   .   a - +0 robe
rPois   ∞          Reflect  .   (no helmet)
rElec   .          Harm     .   (no cloak)
rCorr   .          Rampage  .   (no gloves)
Will    .....                   (no boots)
Stlth   ++........              (no amulet)
HPRegen 0.00/turn               (no ring)
MPRegen 0.09/turn               (no ring)

@: very slightly contaminated, inhibited regen
A: claws 1, cold resistance 1, negative energy resistance 3, inhibited
regeneration, torment resistance 2
a: no special abilities


You were on level 1 of the Dungeon.
You visited 1 branch of the dungeon, and saw 1 of its levels.

Inventory:

Hand Weapons
 g - a +0 whip (weapon)
Armour
 a - a +0 robe (worn)
Jewellery
 c - a ring of ice
Scrolls
 d - a scroll of teleportation {unknown}
 e - a scroll of fog {unknown}
Potions
 b - a potion of magic
 f - a potion of heal wounds {unknown}


   Skills:
 + Level 1.0 Fighting
 + Level 0.1 Maces & Flails
 + Level 2.1 Dodging
 - Level 2.1 Stealth
 + Level 2.0 Spellcasting
 + Level 4.1 Necromancy


You had 4 spell levels left.
You knew the following spells:

 Your Spells              Type           Power      Damage    Failure   Level
a - Pain                  Necr           36%        1d5       5%          1

Your spell library contained the following spells:

 Spells                   Type           Power      Damage    Failure   Level
 Animate Skeleton         Necr           18%        N/A       5%          1
 Vampiric Draining        Necr           9%         2d6       17%         3
 Animate Dead             Necr           4%         N/A       50%         4
 Agony                    Necr           9%         N/A       83%         5


Dungeon Overview and Level Annotations

Branches:
Dungeon (1/15)

Altars:


Innate Abilities, Weirdness & Mutations

You thrive by killing the living.
You are immune to poison.
You have sharp fingernails.
Your flesh is cold resistant. (rC+)
You are immune to negative energy. (rN+++)
You do not regenerate when monsters are visible.
You are immune to unholy pain and torment.


Message History

You kill the goblin!
You hear a shout!
A gnoll comes into view. It is wielding a +0 club.
A gnoll is nearby!
A gnoll is nearby!
The gnoll writhes in agony.
The gnoll writhes in agony.
The gnoll struggles to resist.
The gnoll hits you with a +0 club.
You barely miss the gnoll.
The gnoll is heavily wounded.
The gnoll hits you with a +0 club.
You hit the gnoll.
The gnoll is severely wounded.
The gnoll closely misses you.
Casting: Pain (safe; 5% risk of failure)
Confirm with . or Enter, or press ? or * to list all spells.
Aiming: Pain (safe; 5% risk of failure)
Press: ? - help, Shift-Dir - straight line, f/p - gnoll
Aim: a gnoll, wielding a +0 club (severely wounded, chance to affect: 69%)
The gnoll struggles to resist.
The gnoll misses you. The gnoll attacks as you move away!
The gnoll hits you with a +0 club. The gnoll attacks as you move away!
The gnoll barely misses you. The gnoll attacks as you move away!
The gnoll barely misses you.
You barely miss the gnoll.
The gnoll is severely wounded.
The gnoll closely misses you. The gnoll attacks as you move away!
The gnoll misses you. The gnoll attacks as you move away!
The gnoll hits you with a +0 club!
Casting: Pain (safe; 5% risk of failure)
Confirm with . or Enter, or press ? or * to list all spells.
Aiming: Pain (safe; 5% risk of failure)
Press: ? - help, Shift-Dir - straight line, f/p - gnoll
Aim: a gnoll, wielding a +0 club (severely wounded, chance to affect: 69%)
You miscast Pain.
You are very lightly contaminated with residual magic.
Nothing appears to happen.
The gnoll hits you with a +0 club.
* * * LOW HITPOINT WARNING * * *
The gnoll attacks as you move away! The gnoll closely misses you.
The gnoll attacks as you move away! The gnoll hits you with a +0 club.
You die...

#.........# #.# #
#######.#.# #.# .####
#.#.# #.# ....# ##.#.###.#
.##.# #.....##.# # #.#
#.....##.# ##.##
#........#
##.#.############.....####
..###..........g@.....#
.#.#.##############.###
.##.## #.# ....# #.# .####
###.# .# #...# .# #.#.#
.### ###)#.# ...# #.....#


You could see a gnoll.

Vanquished Creatures
  An endoplasm (D:1)
  3 goblins (D:1)
  2 hobgoblins (D:1)
  A kobold (D:1)
  4 quokkas (D:1)
  A ball python (D:1)
  4 bats (D:1)
  A frilled lizard (D:1)
17 creatures vanquished.

Notes
Turn   | Place    | Note
-------+----------+-------------------------------------------
     0 | D:1      | siradein the Ghoul Necromancer began the quest for the Orb.
     0 | D:1      | Reached XP level 1. HP: 14/14 MP: 2/2
   421 | D:1      | Reached XP level 2. HP: 14/22 MP: 1/3
   653 | D:1      | Reached skill level 1 in Fighting
   894 | D:1      | Slain by a gnoll

Illustrated notes

Levels and vault maps discovered:
D:1:      dpeg_arrival_rhombus, layout_loops_ring

Skill      XL: |  1  2 |
---------------+-------+-----
Dodging        | 2 |  2.1
Spellcasting   | 2 |  2.0
Fighting       | 1 |  1.0
Maces & Flails | |  0.1
Stealth        | |  2.1
Necromancy     | |  4.1

Action                   || total
-------------------------++-------
Melee: Unarmed           ||    30
       Punch             ||     1
       Club              ||     5
       Whip              ||     3
 Cast: Pain              ||    29
Armor: Robe              ||     9
Dodge: Dodged            ||    42

Table legend: (Time is in decaauts)
 A = Elapsed time spent in this place.
 B = Non-inter-level travel time spent in this place.
 C = Inter-level travel time spent in this place.
 D = Time resting spent in this place.
 E = Time spent auto-exploring this place.
 F = Levels seen in this place.
 G = Mean time per level.
                   A        B        C        D        E       F      G
               +--------+--------+--------+--------+--------+-----+--------+
         Total |    894 |    894 |      0 |      0 |    748 |   1 |  894.0 |
       Dungeon |    894 |    894 |      0 |      0 |    748 |   1 |  894.0 |
               +--------+--------+--------+--------+--------+-----+--------+

Top non-repeatable levels by time:
     D:1: 894 daAuts
